AoeStats
← SoyDemo

Nomad

510245394Analyzed
4v4 RM · 2d ago on Sep 30, 2026· 33m 59s· 8 players
Game mode
Random Map
Map size
231×231
Population
200
Speed
Normal
Resources
Standard
Victory
Conquest
Starting age
Dark Age
Ending age
Imperial Age
RankedLock teamsTeams togetherTeam positionsShared explorationLock speedFull tech treeHidden civsTurbo modeCheats
Victory
Defeat
🇻🇳 Saxons · Vietnam
1890
+5
🇺🇸 Chinese · United States
1755
+9
🇨🇳 Berbers · China
1714
+11
🇨🇳 Spanish · China
1704
+11
🇲🇽 Wu · Mexico
1688
-12
🇲🇽 Koreans · Mexico
1643
-10
🇲🇽 Varangians · Mexico
1591
-9
🇲🇽 Saxons · Mexico
1466
-5
haihoangdang91
3:01 Loom
13:20 Feudal Age
30:37 Man-at-Arms
33:21 Fletching
34:48 Forging
北冥有鲲
11:38 Loom
13:49 Feudal Age
14:31 Town Watch
17:38 Castle Age
17:51 Double-Bit Axe
17:49 Fishing Lines
19:35 Bow Saw
23:11 Horse Collar
24:35 Wheelbarrow
24:06 Heavy Plow
27:13 Padded Archer Armor
27:04 Gold Mining
28:29 Hand Cart
28:06 Stone Mining
34:03 Imperial Age
32:24 Bloodlines
32:15 Husbandry
32:31 Leather Archer Armor
34:06 Stone Shaft Mining
33:57 Medium Warships
Bo Zhi Shang
4:49 Loom
13:14 Feudal Age
17:55 Castle Age
17:19 Double-Bit Axe
19:47 Forging
19:44 Scale Barding Armor
19:50 Bloodlines
20:48 Wheelbarrow
20:26 Bow Saw
20:55 Fishing Lines
25:28 Gillnets
35:04 Imperial Age
saymynameBook
4:42 Loom
12:39 Feudal Age
14:26 Town Watch
17:08 Castle Age
15:52 Double-Bit Axe
16:04 Fishing Lines
18:13 Fletching
18:52 Bodkin Arrow
20:21 Scale Mail Armor
21:43 Bow Saw
23:17 Forging
26:42 Horse Collar
28:24 Squires
29:28 Chain Mail Armor
30:34 Wheelbarrow
30:06 Arson
31:57 Hand Cart
32:48 Gold Mining
32:49 Stone Mining
Droga0
4:23 Loom
13:51 Feudal Age
18:59 Castle Age
17:39 Double-Bit Axe
20:26 Bow Saw
20:25 Fletching
21:17 Bodkin Arrow
LeBotut
11:21 Loom
13:59 Feudal Age
17:50 Castle Age
16:33 Fletching
17:00 Fishing Lines
18:49 Medium Warships
Ux'Nova
3:00 Loom
11:12 Feudal Age
19:59 Castle Age
21:33 Forging
23:29 Double-Bit Axe
SoyDemo
13:39 Feudal Age
13:28 Loom
17:38 Castle Age
16:27 Double-Bit Axe
19:42 Squires
21:14 Padded Archer Armor
21:09 Fletching
25:53 Town Watch
30:06 Padded Archer Armor
30:41 Bodkin Arrow
32:02 Horse Collar
32:43 Leather Archer Armor
34:08 Town Patrol
34:59 Wheelbarrow
Connection lost

Rejoining the realm…

Still unreachable

The connection could not be restored.

Session expired

The server has moved on; the page needs a fresh start.